 Dungeon Crawl Stone Soup version 0.31-a0-1321-g5021b54cb2 (webtiles) character file.

Game seed: 4546038690854774743

229 croobank the Ruffian (level 6, 0/61 HPs)
             Began as an Octopode Shapeshifter on Dec 20, 2023.
             Was a Follower of Lugonu.
             Slain by a black bear (7 damage)
             ... on level 3 of the Dungeon.
             The game lasted 00:04:48 (2166 turns).

croobank the Ruffian (Octopode Shapeshifter)        Turns: 2166, Time: 00:04:49

Health: 0/61       AC: 23    Str: 14    XL:     6   Next: 3%
Magic:  6/7        EV:  2    Int: 14    God:    Lugonu [*.....]
Gold:   112        SH:  0    Dex: 11    Spells: 6/7 levels left

rFire   . . .        k - +3 dagger (drain)
rCold   . . .        (no shield)
rNeg    . . .        (helmet currently unavailable)
rPois   +            (no amulet)
rElec   .            (no ring)
rCorr   .            (no ring)
SInv    .            (no ring)
Will    .....        (no ring)
Stlth   +            (no ring)
HPRegen 0.30/turn    (no ring)
MPRegen 0.10/turn    (no ring)
                     (no ring)

%: no passive effects
@: tree-form
A: stationary, stasis, torment immunity, boosted hp, almost no armour,
(amphibious), 8 rings, (camouflage 1), (gelatinous body 1), (nimble swimmer 1),
(tentacles)
a: Renounce Religion, Depart the Abyss


You were on level 3 of the Dungeon.
You worshipped Lugonu.
Lugonu was aware of your devotion.
You were a tree.
You visited 1 branch of the dungeon, and saw 4 of its levels.

You collected 112 gold pieces.

Inventory:

Hand Weapons
 d - a +0 dagger
 k - a +3 dagger of draining (weapon)
Missiles
 o - 5 poisoned darts
Jewellery
 m - a ring of flight
Talismans
 b - a beast talisman
 c - a flux talisman
Scrolls
 e - 2 scrolls of identify {unknown}
 g - 3 scrolls of revelation {unknown}
 h - a scroll of teleportation {unknown}
 i - a scroll of amnesia {unknown}
 l - a scroll of enchant armour {unknown}
 n - a scroll of noise {unknown}
 p - a scroll of enchant weapon {unknown}
 r - a scroll of brand weapon {unknown}
Potions
 a - a potion of lignification
 f - 2 potions of haste {unknown}
 j - a potion of curing {unknown}
 q - a potion of attraction {unknown}


   Skills:
 + Level 2.6 Fighting
 + Level 3.2 Dodging
 + Level 3.9 Unarmed Combat
 + Level 1.2 Spellcasting
 + Level 1.4 Summonings
 + Level 3.7 Shapeshifting


You had 6 spell levels left.
You knew the following spells:

 Your Spells              Type           Power      Damage    Failure   Level
a - Summon Small Mammal   Summ           16%        N/A       14%         1

Your spell library contained the following spells:

 Spells                   Type           Power      Damage    Failure   Level
 Call Canine Familiar     Summ           4%         N/A       41%         3
 Summon Guardian Golem    Hex/Summ       2%         N/A       50%         3


Dungeon Overview and Level Annotations

Branches:
Dungeon (4/15)
 Temple: D:4-7

Altars:
Lugonu

Annotations:
D:1 1 transporter


Innate Abilities, Weirdness & Mutations

You are a tree.
Your roots penetrate the ground, keeping you stationary.
You cannot be teleported.
You are immune to unholy pain and torment.
Your maximum health is greatly increased.
You cannot wear most types of armour.
((You are amphibious.))
You can wear up to eight rings at the same time.
((Your skin changes colour to match your surroundings (Stealth+).))
((Your rubbery body absorbs attacks. (AC +1, EV +1)))
((You are camouflaged when in or above water. (Stealth+)))
((You have tentacles for arms and can constrict up to eight enemies at once.))


Message History

The black bear barely misses you. The black bear claws you.
You climb upwards.
There is a stone staircase leading down here.
Your magical contamination has completely faded away.
You hit the goblin.
You kill the goblin!
Lugonu accepts your kill.
You completely miss the black bear. You grab the black bear.
You squeeze the black bear.
The black bear is heavily wounded.
You constrict the black bear. The black bear bites you.
* * * LOW HITPOINT WARNING * * *
The black bear barely misses you. The black bear claws you.
* * * LOW HITPOINT WARNING * * *
You completely miss the black bear.
The black bear is severely wounded.
You constrict the black bear.
The black bear goes berserk!
Your transformation has ended.
You turn into a tree.
Your roots penetrate the ground.
You lose your grip on the black bear.
The black bear bites you but does no damage.
The black bear claws you but does no damage.
The black bear claws you.
* * * LOW HITPOINT WARNING * * *
You hit the black bear. You drain the black bear.
The black bear is almost dead.
The black bear barely misses you.
The black bear claws you but does no damage.
The black bear completely misses you. The black bear bites you.
* * * LOW HITPOINT WARNING * * *
The black bear claws you but does no damage. x2
You hit the black bear but do no damage.
The black bear is almost dead.
The black bear bites you but does no damage.
The black bear claws you but does no damage. x2
Okay, then.
You closely miss the black bear.
The black bear is almost dead.
The black bear bites you!
You die...

#.##### #........ #.#...##
########..###### #......##
#...........### ####.......##
#.............##
)...........######.........#.....
###....)............####...###.##
#...)......######.........# #.##
#.#.......#######...###..## #.##
#.##...........♣h>..# #..# #.##
#.##........#####...# #..####.##
#.##.##............####.###.....
#.##...........###.##...###.#.##
#.#####......#.# #..............
#.# #......#.# ####.#.###.####
#.# ###.##.#.# #....##.#...
#.#######.##.#.# #.)..##.#.##
#......>..##.#)######.)..##.#.##


You could see a black bear (berserk, drained).

Vanquished Creatures
  A centaur (D:3)
  2 hounds
  An adder (D:2)
  A worm (D:3)
  2 dart slugs
  7 orcs (D:3)
  7 ball pythons
  6 bats
  6 endoplasms
  A giant cockroach (D:1)
  11 goblins
  4 hobgoblins
  2 jackals (D:2)
  A quokka (D:1)
  8 frilled lizards (D:1)
  3 kobolds
  7 rats
70 creatures vanquished.

Notes
Turn   | Place    | Note
-------+----------+-------------------------------------------
     0 | D:1      | croobank the Octopode Shapeshifter began the quest for the
                  | Orb.
     0 | D:1      | Reached XP level 1. HP: 13/13 MP: 1/1
    94 | D:1      | Reached XP level 2. HP: 18/18 MP: 2/2
   304 | D:1      | Reached XP level 3. HP: 23/23 MP: 3/3
   331 | D:1      | You fall into a shaft and drop 1 floor!
   455 | D:2      | Found a faded altar of an unknown god.
   470 | D:2      | Prayed at the altar of an unknown god.
   470 | D:2      | Became a worshipper of Lugonu the Unformed
   470 | D:2      | Reached * piety under Lugonu
   837 | D:2      | Learned a level 1 spell: Summon Small Mammal
  1064 | D:2      | Reached XP level 4. HP: 29/29 MP: 4/4
  1275 | D:3      | Noticed a centaur
  1285 | D:3      | Killed a centaur
  1286 | D:3      | Reached skill level 1 in Spellcasting
  1286 | D:3      | Reached skill level 1 in Summonings
  1286 | D:3      | Reached XP level 5. HP: 11/35 MP: 4/6
  2144 | D:4      | Noticed a black bear
  2149 | D:4      | Reached XP level 6. HP: 35/41 MP: 7/7
  2166 | D:3      | Slain by a black bear

Illustrated notes

Levels and vault maps discovered:
D:1:      spicycebolla_arrival_risky_transporter, layout_basic,
          minmay_lizard_pond
D:2:      layout_loops_corners, basic_ecumenical_altar
D:3:      layout_loops_ring
D:4:      layout_basic, serial_shops, nicolae_shop_behind_doors

Skill      XL: |  1  2  3  4 |
---------------+-------------+-----
Fighting       | 2 |  2.6
Dodging        | 3 |  3.2
Spellcasting   | 1 |  1.2
Summonings     | 1 |  1.4
Unarmed Combat | |  3.9
Shapeshifting  | |  3.7

Action                     |  1- 3 |  4- 6 || total
---------------------------+-------+-------++-------
  Melee: Unarmed           |    78 |     5 ||    83
         Tentacles         |    13 |     9 ||    22
         Constrict         |    18 |    13 ||    31
         Punch             |     1 |     3 ||     4
         Dagger            |       |    55 ||    55
   Cast: Summon Small Mamm |       |     6 ||     6
    Use: Potion            |       |     1 ||     1
   Stab: Sleeping          |     3 |     4 ||     7
 Armour: Skin              |    14 |    43 ||    57
  Dodge: Dodged            |    39 |    45 ||    84

Table legend: (Time is in decaauts)
 A = Elapsed time spent in this place.
 B = Non-inter-level travel time spent in this place.
 C = Inter-level travel time spent in this place.
 D = Time resting spent in this place.
 E = Time spent auto-exploring this place.
 F = Levels seen in this place.
 G = Mean time per level.
                   A        B        C        D        E       F      G
               +--------+--------+--------+--------+--------+-----+--------+
         Total |   2161 |   2055 |    106 |    108 |   1483 |   4 |  540.2 |
       Dungeon |   2161 |   2055 |    106 |    108 |   1483 |   4 |  540.2 |
               +--------+--------+--------+--------+--------+-----+--------+

Top non-repeatable levels by time:
     D:3: 1023 daAuts
     D:2: 796 daAuts
     D:1: 328 daAuts
     D:4: 12 daAuts
